Map: Hecate LE

Players

ihhibw

  • Race: Terran Terran
  • League: Diamond
  • Spawn Location: 7:00

SubN - Winner!

  • Race: Zerg Zerg
  • League: Diamond
  • Spawn Location: 1:00

VOD

Have the link to the VOD?

Description

Time

  • Played on: Dec. 19, 2023, 12:44 p.m.
  • Length: 20:35
Show
View Real Time Build Order
Export as new Build Order

ihhibw Terran 

Build Orders: Reaper Expand, Hellion Banshee 

Get SALT Encoding   

  12  0:00  SCV  
  13  0:12  SCV  
  14  0:17  Supply Depot  
  14  0:24  SCV  
  15  0:39  SCV  
  15  0:41  Barracks  
  16  0:43  Refinery  
  16  0:51  SCV  
  17  1:03  SCV  
  18  1:15  SCV  
  19  1:27  Orbital Command  
  19  1:29  Reaper  
  20  1:38  Command Center  
  20  1:46  Supply Depot  
  20  1:52  SCV  
  21  2:01  Marine  
  21  2:07  SCV  
  23  2:10  Factory  
  23  2:19  SCV  
  23  2:21  Barracks Reactor  
  24  2:55  Orbital Command, SCV  
  25  2:59  Command Center  
  25  3:03  Starport  
  25  3:04  Refinery  
  25  3:07  SCV  
  26  3:18  Hellion x2  
  26  3:19  Barracks Tech Lab, SCV  
  31  3:27  SCV  
  32  3:40  Supply Depot  
  32  3:59  Cloaking Field, Banshee  
  32  4:00  Hellion x2  
  39  4:03  SCV x2  
  41  4:12  Supply Depot  
  41  4:15  Barracks Tech Lab  
  41  4:17  SCV x3  
  44  4:31  Hellion x2  
  47  4:36  Supply Depot  
  47  4:39  SCV x2  
  47  4:41  Engineering Bay  
  47  4:43  Engineering Bay  
  50  4:48  Orbital Command  
  50  4:49  Banshee  
  50  4:51  SCV  
  50  4:52  SCV  
  54  4:57  Marine  
  54  4:58  Refinery  
  55  5:04  Stimpack  
  55  5:06  Hellion  
  59  5:07  Hellion, Barracks  
  59  5:11  Refinery  
  59  5:14  SCV  
  60  5:26  SCV x2  
  60  5:27  Terran Infantry Armor Level 1, Terran Infantry Weapons Level 1  
  62  5:38  Banshee  
  65  5:47  SCV x2  
  65  5:48  Marine, SCV  
  69  5:54  Barracks  
  69  5:56  Barracks x2  
  69  5:59  SCV  
  69  6:00  SCV x2  
  72  6:06  Marine x2  
  74  6:20  SCV x2  
  74  6:21  SCV  
  74  6:24  Marine x2  
  79  6:32  SCV  
  79  6:33  SCV x2  
  82  6:40  Armory  
  82  6:41  Supply Depot  
  82  6:42  Marine  
  82  6:44  Supply Depot, Widow Mine  
  85  6:50  Widow Mine  
  85  6:53  SCV x2  
  81  7:17  Marine x2  
  81  7:18  Barracks Reactor  
  83  7:24  Barracks Reactor  
  83  7:25  Barracks Tech Lab  
  83  7:35  Marine  
  83  7:36  Orbital Command  
  84  7:37  Marine  
  84  7:40  Terran Infantry Weapons Level 2, SCV x2  
  84  7:41  Terran Infantry Armor Level 2  
  87  7:45  Supply Depot  
  87  7:46  Supply Depot  
  87  7:52  SCV x2  
  87  7:53  Marine  
  87  7:55  Marine x4  
  94  7:59  Barracks x2  
  94  8:00  Barracks  
  94  8:01  Factory  
  94  8:04  SCV  
  95  8:06  Marine x2, SCV x2  
  95  8:10  Marine  
  96  8:13  Marine x2  
  96  8:16  SCV  
  96  8:18  SCV x2  
  97  8:24  Supply Depot x2, Widow Mine x2  
  97  8:26  Supply Depot  
  97  8:27  Supply Depot  
  101  8:28  SCV  
  101  8:30  SCV x2  
  104  8:36  Supply Depot, Starport Reactor  
  104  8:38  Supply Depot  
  104  8:41  SCV  
  105  8:42  SCV x2  
  105  8:51  Supply Depot  
  105  8:53  Supply Depot  
  104  8:57  Marine x3, SCV x3  
  104  8:58  Marauder  
  104  9:01  Barracks Reactor x3  
  112  9:06  Refinery  
  112  9:07  Missile Turret  
  112  9:09  Command Center, SCV  
  113  9:10  Refinery  
  113  9:27  Barracks  
  113  9:28  SCV x2  
  114  10:17  Marine x4  
  114  10:18  Marauder x2, Widow Mine x2  
  122  10:25  Marine  
  122  10:27  Marine x2  
  122  10:28  Marine x3  
  122  10:29  Command Center  
  122  10:34  Marine  
  122  10:35  Marine  
  124  10:39  Marauder, Terran Infantry Armor Level 3, SCV x2, Terran Infantry Weapons Level 3  
  124  10:40  Orbital Command  
  124  10:41  Barracks Tech Lab  
  128  10:44  Supply Depot  
  128  10:52  Supply Depot  
  128  11:00  Medivac x2  
  128  11:01  Marine, Siege Tank, Widow Mine x2  
  128  11:02  Marauder, Marine x7  
  128  11:03  Marauder, Barracks Tech Lab, Marine  
  152  11:05  Terran Vehicle Weapons Level 1  
  129  11:28  Marine x2  
  129  11:29  Marauder x2, Marine x5  
  129  11:30  Marauder, Widow Mine x2  
  129  11:31  Medivac x2  
  149  11:41  Siege Tank  
  152  11:49  Orbital Command  
  152  11:50  Supply Depot  
  152  11:51  Marauder  
  154  12:01  Marine x2  
  154  12:02  Marauder, Marine x6  
  154  12:03  Marauder, Ghost Academy  
  154  12:04  Liberator x2, Widow Mine x2  
  154  12:06  SCV x3  
  179  12:12  Marauder  
  179  12:14  Planetary Fortress  
  181  12:21  Supply Depot  
  181  12:24  Marauder x2  
  181  12:26  Missile Turret  
  185  12:31  SCV x2  
  187  12:58  Command Center  
  187  13:01  SCV x3  
  190  13:08  Personal Cloaking  
  190  13:15  SCV x3  
  190  13:16  Supply Depot  
  190  13:17  Supply Depot  
  189  13:50  SCV x2  
  189  13:51  Marine x4  
  189  13:52  Marine x2  
  189  13:53  Marine  
  189  13:54  Marauder  
  189  13:55  Marauder  
  194  13:56  Marauder  
  174  14:11  Marine x2  
  174  14:12  Marine x3  
  179  14:17  Marauder  
  181  14:28  Ghost x2, Marine x3  
  181  14:29  SCV x3  
  181  14:30  Neosteel Armor, Hi-Sec Auto Tracking  
  191  14:38  Ghost  
  191  14:39  Command Center  
  191  14:41  SCV  
  179  15:09  Ghost, Marine  
  179  15:10  Ghost x2, Marine x3  
  179  15:11  Marine x3  
  189  15:20  Refinery x2  
  151  15:39  Marauder x3  
  138  15:44  Marine x2  
  138  15:45  Marine x3  
  138  15:46  Widow Mine x3  
  133  15:51  Orbital Command  
  133  15:59  Ghost  
  133  16:00  Ghost  
  134  16:09  Medivac x2  
  134  16:10  Ghost, Marine, Widow Mine x2  
  134  16:11  Marine x4  
  145  16:12  Marine x2  
  145  16:14  Nuke  
  151  16:20  SCV x3  
  154  16:28  Marauder  
  154  16:29  Marauder  
  154  16:30  SCV  
  154  16:32  SCV x2  
  161  16:33  Command Center  
  161  16:39  Drilling Claws, Siege Tank  
  166  16:40  Marauder  
  166  16:43  Medivac x2  
  166  16:45  Planetary Fortress  
  170  16:50  Marauder x2  
  156  17:24  Refinery x2  
  134  18:05  Marine x6  
  136  18:06  Marauder, Marine  
  117  18:29  Liberator x2, Siege Tank, Widow Mine x2  
  117  18:30  Marine x4  
  117  18:31  Marine x2  
  97  19:33  Marine x3  
  97  19:34  Marine x4  
  92  19:42  Orbital Command, SCV x2  
  91  19:54  SCV x2  
Show
View Real Time Build Order
Export as new Build Order

SubN Zerg - Winner!

Build Orders: Hatch First 

Get SALT Encoding   

  12  0:00  Drone  
  13  0:12  Overlord  
  13  0:20  Drone  
  14  0:32  Drone x2  
  14  0:34  Drone  
  17  0:53  Hatchery  
  16  0:58  Drone  
  16  0:59  Drone  
  16  1:02  Extractor  
  17  1:15  Spawning Pool  
  17  1:18  Drone  
  18  1:25  Drone  
  18  1:28  Drone  
  19  1:38  Drone  
  20  1:49  Overlord  
  20  2:02  Queen  
  20  2:05  Queen  
  24  2:10  Drone x2  
  24  2:14  Metabolic Boost  
  26  2:18  Drone  
  26  2:19  Drone  
  26  2:41  Drone x4  
  29  2:48  Overlord  
  29  2:56  Overlord  
  29  3:04  Lair  
  29  3:06  Queen  
  31  3:15  Drone  
  31  3:16  Drone  
  31  3:19  Drone  
  34  3:20  Drone  
  34  3:24  Drone  
  36  3:36  Drone x5  
  41  3:41  Queen  
  43  3:50  Baneling Nest  
  43  3:55  Drone x2  
  44  4:09  Hatchery  
  43  4:11  Pneumatized Carapace  
  43  4:15  Drone  
  43  4:16  Overlord  
  44  4:18  Extractor  
  43  4:36  Centrifugal Hooks  
  43  4:38  Drone x9  
  52  4:49  Overlord x2  
  52  4:50  Overlord x2  
  52  4:55  Overseer  
  52  5:02  Overlord  
  52  5:03  Evolution Chamber  
  52  5:04  Evolution Chamber  
  52  5:05  Overseer  
  50  5:11  Drone x3  
  50  5:12  Drone x2  
  55  5:16  Queen x2  
  59  5:34  Queen  
  61  5:43  Drone  
  61  5:44  Drone x3  
  61  5:45  Drone  
  61  5:47  Hydralisk Den  
  61  5:48  Extractor  
  61  5:49  Zerg Missile Weapons Level 1  
  64  5:52  Drone x3, Queen x2  
  64  5:54  Drone x5  
  76  5:58  Zergling x8  
  76  6:00  Overseer  
  76  6:37  Drone x11  
  87  6:41  Extractor  
  73  7:10  Drone x5  
  73  7:11  Drone x7  
  80  7:17  Overlord  
  80  7:25  Hatchery  
  80  7:26  Queen  
  81  7:30  Extractor  
  81  7:37  Spore Crawler  
  79  7:38  Grooved Spines  
  79  7:39  Spore Crawler  
  79  7:41  Extractor  
  79  7:42  Zergling x14  
  79  7:43  Zergling x10  
  89  7:57  Zerg Melee Weapons Level 1  
  89  7:58  Zerg Ground Armor Level 1  
  89  8:02  Drone  
  89  8:03  Drone  
  87  8:29  Muscular Augments  
  87  8:35  Drone x3  
  87  8:37  Drone x13  
  87  8:38  Drone x5  
  87  8:39  Queen  
  110  8:42  Queen  
  110  8:45  Queen  
  110  8:46  Queen  
  108  9:03  Spore Crawler  
  108  9:09  Hydralisk x2  
  111  9:12  Overlord x6  
  111  9:37  Hydralisk, Extractor  
  111  9:38  Hydralisk x15  
  109  9:39  Hydralisk x5, Hatchery  
  148  9:49  Zergling x2  
  149  9:56  Zergling x18  
  152  10:20  Zergling x2  
  152  10:23  Overlord x4  
  152  10:24  Overlord x2  
  150  10:40  Baneling  
  150  10:41  Overlord x3, Baneling x17  
  150  10:42  Overlord x2  
  150  10:43  Zergling x6  
  150  10:44  Zergling x6  
  150  10:45  Queen  
  158  10:51  Drone x2  
  158  10:52  Queen  
  162  10:59  Hatchery  
  162  11:02  Extractor  
  152  11:31  Infestation Pit  
  152  11:32  Zerg Melee Weapons Level 2  
  151  11:33  Zerg Missile Weapons Level 2  
  151  11:52  Drone x2  
  151  11:53  Drone  
  154  11:55  Extractor  
  153  12:07  Hive  
  153  12:11  Zergling x16  
  153  12:12  Zergling x30  
  176  12:23  Drone x6  
  176  12:25  Queen  
  184  12:35  Overseer  
  184  12:43  Drone x3  
  187  12:56  Zergling x4  
  187  12:57  Zergling x10  
  194  12:59  Zergling x2  
  194  13:00  Zergling x8  
  199  13:12  Hatchery  
  198  13:14  Extractor  
  182  13:48  Zerg Ground Armor Level 2, Viper x5  
  179  14:01  Drone x2  
  177  14:05  Drone x3  
  169  14:12  Zergling x8  
  169  14:13  Zergling x10  
  178  14:17  Hydralisk x4  
  178  14:18  Hydralisk x4  
  194  14:34  Overseer  
  194  14:35  Overseer  
  194  14:36  Hatchery  
  194  14:37  Extractor  
  172  14:55  Zergling x6  
  172  14:56  Zergling x46  
  194  15:15  Hatchery  
  194  15:17  Extractor  
  157  15:41  Hydralisk  
  157  15:42  Hydralisk x10  
  158  15:47  Zergling x2  
  158  15:48  Zergling x22  
  171  16:06  Zerg Melee Weapons Level 3, Ultralisk Cavern  
  171  16:07  Zerg Ground Armor Level 3  
  171  16:10  Adrenal Glands  
  170  16:13  Drone x14  
  170  16:16  Drone  
  185  16:20  Queen  
  187  16:39  Zergling x2  
  191  16:40  Zergling x22  
  199  16:47  Overseer  
  180  17:05  Zergling x6  
  180  17:08  Ultralisk x4  
  196  17:11  Baneling  
  196  17:13  Zergling x2  
  196  17:14  Zergling x4  
  199  17:35  Hatchery, Extractor  
  194  17:38  Extractor  
  157  17:53  Zergling x2  
  157  17:54  Zergling x34  
  157  17:55  Zergling x40  
  187  18:07  Zergling x2  
  187  18:08  Zergling x24  
  198  18:17  Zergling x2  
  198  18:18  Zergling x2  
  176  18:46  Queen  
  176  18:48  Hydralisk x12  
  186  19:06  Overseer x3  
  147  19:27  Ultralisk x4  
  147  19:28  Zergling x2  
  147  19:29  Zergling x32  
  178  19:43  Overseer x2  
  178  20:06  Hatchery  
  177  20:10  Hatchery  
Tags
 
Add a new tag
Caveats
  • Supply blocks, unpowered buildings, or Contaminate may cause inaccurate times.
  • Supply counts are checked every 10 seconds.